 Dungeon Crawl Stone Soup version 0.19.1 (webtiles) character file.

131 Ijustatesigmund the Chopper (level 4, -1/41 HPs)
             Began as a Minotaur Monk on Nov 25, 2016.
             Killed by nerve-wracking pain
             ... invoked by an orc priest
              (14 damage)
             ... on level 4 of the Dungeon.
             The game lasted 00:05:44 (2304 turns).

Ijustatesigmund the Chopper (Minotaur Monk)         Turns: 2304, Time: 00:05:46

Health: -1/41      AC:  8    Str: 16    XL:     4   Next: 91%
Magic:  3/3        EV:  8    Int:  7    God:
Gold:   202        SH:  0    Dex: 13    Spells: 0 memorised, 3 levels left

rFire  . . .     SeeInvis .     a - +0 hand axe
rCold  . . .     Gourm    .     i - +0 chain mail
rNeg   . . .     Faith    .     (no shield)
rPois  .         Spirit   .     (helmet restricted)
rElec  .         Reflect  .     (no cloak)
rCorr  .         Harm     .     (no gloves)
MR     +....                    (no boots)
Stlth  ..........               (no amulet)
                                e - ring of protection from magic
                                g - ring of flight

@: no status effects
A: retaliatory headbutt, horns 2
a: Evoke Flight


You were on level 4 of the Dungeon.
You were not hungry.

You visited 1 branch of the dungeon, and saw 4 of its levels.

You collected 202 gold pieces.

Inventory:

Hand Weapons
 a - a +0 hand axe (weapon)
Armour
 i - a +0 chain mail (worn)
Jewellery
 e - a ring of protection from magic (right hand)
 g - a ring of flight (left hand)
 m - a +3 ring of intelligence
Scrolls
 k - a scroll of teleportation
 l - 2 scrolls of blinking
 n - 2 scrolls of immolation
 q - 2 scrolls of remove curse
Potions
 b - a potion of mutation
 d - a potion of invisibility
 p - a potion of cancellation
Comestibles
 c - 4 bread rations
 f - a slice of pizza
 h - 2 chunks of flesh
 j - 2 meat rations


   Skills:
 + Level 4.7 Fighting
 * Level 5.9 Axes
 + Level 1.2 Armour
 - Level 3.2 Dodging
 - Level 1.5 Stealth


You had 3 spell levels left.
You didn't know any spells.

Dungeon Overview and Level Annotations

Branches:
Dungeon (4/15)
 Temple: D:4-7

Altars:
Dithmenos
Ru


Innate Abilities, Weirdness & Mutations

You reflexively headbutt those who attack you in melee.
You have a pair of horns on your head.


Message History

Your chain mail prevents you from hitting the orc.
The orc is heavily wounded.
You hit the orc wizard. The orc hits you but does no damage.
You closely miss the orc.
The orc is heavily wounded.
You barely miss the orc wizard. The orc hits you but does no damage.
The orc wizard casts a spell at you. The puff of flame hits you!
You hit the orc but do no damage. Your headbutt misses the orc.
The orc is heavily wounded.
You closely miss the orc wizard. You closely miss the orc.
The orc hits you but does no damage. x2
The orc wizard hits you but does no damage.
You hit the orc but do no damage. You headbutt the orc.
You kill the orc!
You completely miss the orc priest. You closely miss the orc wizard.
You hit the orc. The orc hits you but does no damage.
The orc priest mumbles some strange prayers to Beogh against you.
Pain shoots through your body!
You die...

..####.... ..# ...#....
..# ......# ...# #..
.....#..... #..#
###...##..... ##...
###............
##....###......oo......
#..............@[o.....
#.............##o......
...........#### .......
..........## ....... .
..##...### ....... ..
#...#### .......
..####......####
......#
.....#..........
.....##
................


You could see an orc priest, an orc wizard and 2 orcs.

Vanquished Creatures
  An orc priest (D:3)
  2 adders (D:2)
  An adder skeleton (D:4)
  3 worms (D:3)
  3 leopard geckos
  11 orcs
  3 bats
  3 giant cockroaches (D:2)
  5 goblins
  9 hobgoblins
  3 jackals (D:1)
  2 ball pythons
  4 frilled lizards
  5 kobolds
  2 rats
57 creatures vanquished.

Notes
Turn   | Place    | Note
-------+----------+-------------------------------------------
     0 | D:1      | Ijustatesigmund the Minotaur Monk began the quest for the Orb.
     0 | D:1      | Reached XP level 1. HP: 19/19 MP: 0/0
    73 | D:1      | Reached skill level 4 in Axes
    98 | D:1      | Reached XP level 2. HP: 22/27 MP: 1/1
   636 | D:2      | Reached XP level 3. HP: 33/33 MP: 2/2
   653 | D:2      | Reached skill level 5 in Axes
   847 | D:2      | Found a shadowy altar of Dithmenos.
   863 | D:2      | Found a sacrificial altar of Ru.
  1236 | D:3      | Reached XP level 4. HP: 27/41 MP: 3/3
  1571 | D:3      | Reached skill level 1 in Armour
  2102 | D:4      | Gained mutation: Your system is resistant to poisons. (rPois) [potion of mutation]
  2102 | D:4      | Gained mutation: Your body sometimes deteriorates upon taking damage. [potion of mutation]
  2102 | D:4      | Gained mutation: You tend to lose your temper in combat. [potion of mutation]
  2103 | D:4      | Lost mutation: You tend to lose your temper in combat. [potion of cure mutation]
  2103 | D:4      | Lost mutation: Your body sometimes deteriorates upon taking damage. [potion of cure mutation]
  2103 | D:4      | Lost mutation: Your system is resistant to poisons. (rPois) [potion of cure mutation]
  2304 | D:4      | Killed from afar by an orc priest

Skill      XL: |  1  2  3  4 |
---------------+-------------+-----
Axes           | 4 5 |  5.9
Fighting       | 4 |  4.7
Armour         | 1 |  1.2
Dodging        | |  3.2
Stealth        | |  1.5

Action                   |  1- 3 |  4- 6 || total
-------------------------+-------+-------++-------
Melee: Hand axe          |    69 |    47 ||   116
       Headbutt          |     8 |     8 ||    16
  Use: Scroll            |    10 |     6 ||    16
       Potion            |       |     2 ||     2
  Eat: Chunk             |       |     4 ||     4
Armor: Ring mail         |    17 |     1 ||    18
       Robe              |     1 |       ||     1
       Chain mail        |       |    26 ||    26
Dodge: Dodged            |    52 |    19 ||    71
